 Dungeon Crawl Stone Soup version 0.27.0-1-g7a089689b8 (webtiles) character file.

Game seed: 17507285107009650222

7444 avis the Martial Artist (level 10, -1/97 HPs)
             Began as a Demigod Transmuter on Aug 2, 2021.
             Slain by a komodo dragon (10 damage)
             ... on level 1 of the Lair of Beasts.
             The game lasted 01:07:24 (11956 turns).

avis the Martial Artist (Demigod Transmuter)       Turns: 11956, Time: 01:07:24

Health: -1/97      AC:  7    Str: 15    XL:     10   Next: 62%
Magic:  21/21      EV: 13    Int: 15    God:
Gold:   415        SH:  0    Dex: 22    Spells: 6/19 levels left

rFire    x . .     SeeInvis .     - Unarmed
rCold    + + +     Faith    .   (shield currently unavailable)
rNeg     . . .     Spirit   .   (armour currently unavailable)
rPois    +         Reflect  .   (helmet currently unavailable)
rElec    .         Harm     .   (cloak currently unavailable)
rCorr    .         Rampage  .   (gloves currently unavailable)
Will     +....                  (boots currently unavailable)
Stlth    ++........             (no amulet)
HPRegen  0.26/turn              (no ring)
MPRegen  0.17/turn              (no ring)

@: ice-form
A: freezing attack, amphibious, boosted hp, large, high mp 1, forlorn
a: End Transformation


You were on level 1 of the Lair of Beasts.
You were a creature of crystalline ice.
You visited 3 branches of the dungeon, and saw 10 of its levels.

You collected 415 gold pieces.

Inventory:

Hand Weapons
 a - a +0 hand crossbow
 b - a +2 flail of protection (melded)
 y - a +2 flail of holy wrath
Missiles
 c - 137 stones
 i - 28 poisoned darts (quivered)
 q - 3 boomerangs
 r - 2 boomerangs of dispersal
 w - 22 arrows
 z - a throwing net
 S - a curare-tipped dart
Armour
 g - a +0 ring mail
 p - a +0 pair of boots (melded)
 s - a +0 leather armour (melded)
 t - a +0 cloak (melded)
 B - a +0 helmet (melded)
Magical Staves
 d - a staff of conjuration
Wands
 e - a wand of digging (4)
 J - a wand of mindburst (17)
Scrolls
 f - a scroll of amnesia {unknown}
 h - 2 scrolls of summoning {unknown}
 k - a scroll of identify
 l - 2 scrolls of magic mapping
 n - a scroll of holy word {unknown}
 o - 3 scrolls of enchant weapon {unknown}
 u - 3 scrolls of teleportation
 v - 2 scrolls of vulnerability {unknown}
 C - a scroll of enchant armour {unknown}
 D - a scroll of brand weapon {unknown}
 I - a scroll of immolation {unknown}
 N - 4 scrolls of fear {unknown}
 O - a scroll of blinking {unknown}
 P - 2 scrolls of noise {unknown}
Potions
 j - a potion of haste {unknown}
 m - a potion of might {unknown}
 x - a potion of berserk rage {unknown}
 A - a potion of heal wounds {unknown}
 M - 2 potions of lignification {unknown}


   Skills:
 - Level 5.0 Fighting
 - Level 5.0 Dodging
 - Level 2.0 Stealth
 * Level 9.8 Unarmed Combat
 - Level 5.0 Spellcasting
 - Level 2.0 Translocations
 - Level 7.0 Transmutations
 - Level 4.0 Ice Magic
 - Level 2.0 Poison Magic


You had 6 spell levels left.
You knew the following spells:

 Your Spells              Type           Power      Damage    Failure   Level
a - Beastly Appendage     Tmut           48%        N/A       1%          1
l - Wereblood             Tmut           24%        N/A       1%          2
o - Teleport Other        Tloc           9%         N/A       22%         3
p - Spider Form           Tmut/Pois      8%         N/A       8%          3
q - Ice Form              Ice/Tmut       20%        N/A       17%         4

Your spell library contained the following spells:

 Spells                   Type           Power      Damage    Failure   Level
 Sting                    Tmut/Pois      68%        1d6       2%          1
 Poisonous Vapours        Pois/Air       12%        N/A       16%         2
 Gell's Gravitas          Tloc           4%         N/A       22%         3
 Lesser Beckoning         Tloc           4%         N/A       22%         3
 Sublimation of Blood     Necr           1%         N/A       24%         2
 Petrify                  Tmut/Erth      14%        N/A       36%         4
 Olgreb's Toxic Radiance  Pois           9%         N/A       56%         4
 Irradiate                Conj/Tmut      7%         3d15      71%         5


Dungeon Overview and Level Annotations

Branches:
Dungeon (8/15)             Temple (1/1) D:5            Lair (1/6) D:8

Shops:
D:2 [

Annotations:
D:2 Natasha


Innate Abilities, Weirdness & Mutations

You are a creature of crystalline ice.
You have a powerful freezing melee attack.
You are amphibious.
Your maximum health is increased.
Your armour is entirely melded.
You are incapable of wielding weapons or throwing items.
Your attributes grow dramatically as you level up.
You have an increased reservoir of magic. (+10% MP)
You shall have no god before yourself.


Message History

The cane toad croaks.
The komodo dragon misses you.
You hit the komodo dragon but do no damage.
The komodo dragon bites you. The cane toad closely misses you.
You hit the komodo dragon. You freeze the komodo dragon.
The komodo dragon is lightly wounded.
The cane toad stings you!!
You hit the komodo dragon but do no damage.
The komodo dragon is lightly wounded.
The komodo dragon bites you!! The cane toad barely misses you.
You hit the komodo dragon. You freeze the komodo dragon.
The komodo dragon is moderately wounded.
The komodo dragon barely misses you. The cane toad stings you!
You pummel the cane toad!! You freeze the cane toad!
The cane toad is almost dead.
The komodo dragon bites you!!
* * * LOW HITPOINT WARNING * * *
The cane toad barely misses you.
You punch the cane toad!
The cane toad seems to slow down.
You freeze the cane toad.
You kill the cane toad!
The komodo dragon bites you.
* * * LOW HITPOINT WARNING * * *
You feel better. The komodo dragon barely misses you.
You barely miss the komodo dragon.
The komodo dragon is lightly wounded.
The komodo dragon bites you but does no damage.
You hit the komodo dragon but do no damage.
The komodo dragon is lightly wounded.
You punch the komodo dragon! You freeze the komodo dragon.
The komodo dragon is heavily wounded.
The komodo dragon misses you.
You hit the komodo dragon. You freeze the komodo dragon.
The komodo dragon is heavily wounded.
The komodo dragon bites you.
* * * LOW HITPOINT WARNING * * *
You barely miss the komodo dragon.
The komodo dragon is heavily wounded.
The komodo dragon bites you!
You die...

♣♣♣♣♣+##.≈......
♣≈≈≈≈≈≈≈≈≈≈.....
≈≈≈≈P≈P≈≈P≈...#
≈≈≈≈≈≈≈≈≈PP...#
≈≈≈≈≈P≈≈≈P≈...#
≈≈≈≈≈≈≈P≈≈P...#
≈≈≈≈≈≈≈≈≈P....#
≈≈≈≈≈≈≈†Yl....#
≈≈≈≈≈≈≈≈≈≈≈...# . ..
≈≈≈≈≈≈≈≈≈≈P...##. . ..
♣≈≈≈≈≈≈≈≈≈.....#.##. ..
♣♣♣≈≈≈≈≈≈P≈....#..#.+
##.
♣♣♣##...#....#.....##..
######....P.#.##.#....
#...........#.#......†
#...........#.#.......


You could see a komodo dragon.

Vanquished Creatures
  A two-headed ogre (D:8)
  A black mamba (Lair:1)
  An elephant (D:8)
  3 cane toads (Lair:1)
  A komodo dragon (Lair:1)
  A kobold demonologist (D:5)
  Sigmund (D:3)
  A wyvern (Lair:1)
  Eustachio (D:4)
  7 yaks
  A basilisk (D:8)
  3 water moccasins (Lair:1)
  2 sky beasts
  An orc warrior (D:6)
  4 black bears
  2 ice beasts
  A necrophage (D:7)
  An ogre (D:7)
  3 centaurs
  A phantom (D:5)
  A kobold brigand (D:7)
  Blork the orc (D:6)
  3 bullfrogs
  A water moccasin zombie (D:6)
  A wyvern zombie (D:5)
  3 scorpions
  2 water moccasin skeletons
  A howler monkey (D:6)
  3 centaur zombies
  A gnoll shaman (D:6)
  A centaur skeleton (D:5)
  3 jellies
  4 hounds
  3 orc priests
  3 iguanas
  A scorpion zombie (D:5)
  Natasha (D:2)
  3 orc wizards
  A hound skeleton (D:4)
  2 howler monkey zombies
  5 gnolls (D:6)
  3 adders
  2 shadow imps
  A white imp (D:7)
  An ufetubus (D:5)
  A worm (D:3)
  2 dart slugs (D:2)
  16 orcs
  7 endoplasms
  4 giant cockroaches
  7 goblins
  7 hobgoblins
  9 jackals
  17 kobolds
  5 ball pythons
  6 bats
  2 frilled lizards
  A rat (D:1)
  A butterfly (Lair:1)
173 creatures vanquished.

Vanquished Creatures (others)
  A jelly (D:6)
  12 fungi
  39 plants
  3 toadstools (D:8)
55 creatures vanquished.

Grand Total: 228 creatures vanquished

Notes
Turn   | Place    | Note
-------+----------+-------------------------------------------
     0 | D:1      | avis the Demigod Transmuter began the quest for the Orb.
     0 | D:1      | Reached XP level 1. HP: 15/15 MP: 5/5
    28 | D:1      | Reached skill level 3 in Unarmed Combat
    30 | D:1      | Reached skill level 1 in Fighting
   247 | D:1      | Reached XP level 2. HP: 17/23 MP: 4/7
   961 | D:1      | Reached XP level 3. HP: 17/29 MP: 8/8
   967 | D:1      | Learned a level 3 spell: Spider Form
  1373 | D:2      | Reached skill level 1 in Stealth
  1734 | D:2      | Reached skill level 1 in Poison Magic
  1816 | D:2      | Noticed Natasha
  1826 | D:2      | Killed Natasha
  1827 | D:2      | Reached XP level 4. HP: 29/36 MP: 6/9
  2333 | D:2      | Found Biraump's Antique Armour Shop.
  2496 | D:3      | HP: 1/36 [orc priest (13)]
  2785 | D:2      | Noticed Natasha
  2953 | D:3      | Reached skill level 4 in Unarmed Combat
  2953 | D:3      | Reached XP level 5. HP: 41/41 MP: 10/10
  2983 | D:3      | Noticed Sigmund
  3048 | D:3      | Killed Sigmund
  3049 | D:3      | Reached XP level 6. HP: 32/51 MP: 8/11
  3197 | D:3      | Learned a level 4 spell: Ice Form
  4070 | D:4      | Noticed Eustachio
  4074 | D:4      | Reached skill level 5 in Unarmed Combat
  4357 | D:4      | Killed Eustachio
  4358 | D:4      | Reached XP level 7. HP: 50/59 MP: 11/13
  5050 | D:5      | Entered Level 5 of the Dungeon
  5613 | D:5      | Reached skill level 5 in Transmutations
  5674 | D:5      | Found a staircase to the Ecumenical Temple.
  5909 | D:5      | Reached XP level 8. HP: 51/66 MP: 12/14
  6058 | D:5      | Noticed a kobold demonologist
  6069 | D:5      | Killed a kobold demonologist
  6421 | Temple   | Entered the Ecumenical Temple
  6517 | D:6      | Reached skill level 6 in Unarmed Combat
  7653 | D:6      | Noticed Blork the orc
  7665 | D:6      | Reached skill level 7 in Unarmed Combat
  7667 | D:6      | Killed Blork the orc
  7678 | D:6      | Reached XP level 9. HP: 50/71 MP: 9/16
  7778 | D:6      | Learned a level 2 spell: Wereblood
  8851 | D:7      | Learned a level 3 spell: Teleport Other
  8974 | D:7      | Reached skill level 8 in Unarmed Combat
  8974 | D:7      | Reached skill level 1 in Translocations
  9844 | D:8      | Noticed a two-headed ogre
  9860 | D:8      | Killed a two-headed ogre
  9861 | D:8      | Reached skill level 5 in Dodging
 10159 | D:8      | Noticed an elephant
 10173 | D:8      | Killed an elephant
 10174 | D:8      | Reached skill level 5 in Fighting
 10242 | D:8      | Reached XP level 10. HP: 9/81 MP: 14/17
 10661 | D:8      | Found a staircase to the Lair.
 11014 | Lair:1   | Entered Level 1 of the Lair of Beasts
 11042 | Lair:1   | Reached skill level 9 in Unarmed Combat
 11390 | Lair:1   | Noticed a black mamba
 11412 | Lair:1   | Killed a black mamba
 11756 | Lair:1   | Reached skill level 5 in Spellcasting
 11950 | Lair:1   | HP: 4/97 [komodo dragon (4)]
 11956 | Lair:1   | Slain by a komodo dragon

Illustrated notes

Levels and vault maps discovered:
D:1:      ebering_trefoil_3fold, layout_basic
D:2:      layout_loops_ring, serial_shops, shop, uniq_natasha
D:3:      wad_pebble_path, layout_basic, grunt_gozag_statues,
          nicolae_hepliaklqana_hazy_memory, lightli_temple_of_fire,
          doesnt_xom_only_xom, minitemple, grunt_decor_cap, uniq_sigmund
D:4:      layout_loops_cross, evilmike_ruin_ashenzari,
          mainiacjoe_overflow_concentric_impassable, uniq_eustachio
D:5:      layout_rooms, minmay_temple_entry_slanted, minmay_starry_boxes
D:6:      layout_basic, mainiacjoe_overflow_large_starburst,
          lemuel_flame_loot_1, uniq_blork_the_orc
D:7:      layout_loops_ring, chequers_mini_garden
D:8:      layout_gridville, david_lair_generic, minmay_gold_behind_fungi
Temple:   jpeg_temple_island
Lair:1:   layout_roguey, hangedman_lair_unloving_vines, serial_bayou_crossing,
          serial_bayou_shore_a, lemuel_fruit_fields, lemuel_fruit_tree

Skill      XL: |  1  2  3  4  5  6  7  8  9 10 |
---------------+-------------------------------+-----
Unarmed Combat | 3 4 5 7 8 9 |  9.8
Fighting       | 1 2 3 4 5 |  5.0
Transmutations | 2 3 5 6 7 |  7.0
Spellcasting   | 2 3 5 |  5.0
Dodging        | 2 3 5 |  5.0
Stealth        | 1 2 |  2.0
Poison Magic   | 1 2 |  2.0
Ice Magic      | 3 4 |  4.0
Translocations | 2 |  2.0

Action                   |  1- 3 |  4- 6 |  7- 9 | 10-12 || total
-------------------------+-------+-------+-------+-------++-------
Melee: Unarmed           |    94 |    90 |   295 |    76 ||   555
       Headbutt          |    11 |     6 |     7 |     2 ||    26
       Kick              |    22 |     5 |    11 |     4 ||    42
       Flail             |       |    16 |    43 |    10 ||    69
       Punch             |       |       |     3 |       ||     3
Throw: Boomerang         |       |       |    15 |       ||    15
       Dart              |       |       |     5 |       ||     5
 Cast: Beastly Appendage |    25 |     9 |     8 |     1 ||    43
       Spider Form       |     2 |    20 |    46 |     2 ||    70
       Ice Form          |       |       |     1 |     6 ||     7
  Use: Scroll            |       |       |     5 |       ||     5
       Potion            |       |       |       |     3 ||     3
 Stab: Sleeping          |     2 |     2 |     5 |     1 ||    10
Armor: Robe              |    11 |     3 |       |       ||    14
       Skin              |       |     8 |    11 |    14 ||    33
       Leather armour    |       |       |    21 |     6 ||    27
Dodge: Dodged            |    55 |    95 |   324 |    43 ||   517
